 Dungeon Crawl Stone Soup version 0.17-a0-1642-gd4b747b (webtiles) character file.

11280 Conn321 the Thaumaturge (level 11, -2/90 HPs)
             Began as a Naga Fire Elementalist on Aug 8, 2015.
             Was a High Priest of Vehumet.
             Slain by a five-headed hydra (17 damage)
             ... on level 12 of the Dungeon.
             The game lasted 01:23:07 (13572 turns).

Conn321 the Thaumaturge (Naga Fire Elementalist)   Turns: 13572, Time: 01:23:08

Health: -2/90      AC:  9    Str:  7    XL:     11   Next: 75%
Magic:  3/24       EV: 14    Int: 27    God:    Vehumet [*****.]
Gold:   361        SH:  0    Dex: 17    Spells: 9 memorised, 2 levels left

rFire  + . .     SeeInvis +     V - +6 rapier of Dissolution {freeze, Str-5 Int+5 Dex+6}
rCold  . . .     Clarity  .     z - +1 robe {rF+}
rNeg   . . .     SustAt   +     (no shield)
rPois  +         Gourm    .     (no helmet)
rElec  .         Spirit   .     j - +2 cloak {MR+}
rCorr  .         Warding  .     e - +0 pair of gloves
rMut   .         Stasis   .     (no barding)
MR     ++...                    (no amulet)
Stlth  +++.......               Q - ring "Hussa" {SustAt Int+4}
                                D - ring of wizardry

@: about to teleport, very slow, very resistant to hostile enchantments, fairly
stealthy
A: see invisible, deformed body, poison resistance, slowness 2, slow metabolism
1, spit poison 2, AC +3
a: Spit Poison, Renounce Religion


You were on level 12 of the Dungeon.
You worshipped Vehumet.
Vehumet was extremely pleased with you.
You were not hungry.

You visited 1 branch of the dungeon, and saw 12 of its levels.

You collected 821 gold pieces.
You spent 460 gold pieces at shops.

Inventory:

Hand weapons
 E - a +1 flail of protection
 I - a +0 arbalest
 V - the +6 rapier of Dissolution (weapon) {freeze, Str-5 Int+5 Dex+6}
   (You took it off a kobold on level 9 of the Dungeon)

   It has been specially enchanted to freeze those struck by it, causing extra
   injury to most foes and up to half again as much damage against particularly
   susceptible opponents.
   It can also slow down cold-blooded creatures.
   It affects your strength (-5).
   It affects your intelligence (+5).
   It affects your dexterity (+6).
Missiles
 a - 4 poisoned tomahawks
 f - 526 stones
 k - 168 arrows
 n - 12 tomahawks
 o - 30 sling bullets
 x - 89 poisoned needles
 B - 74 bolts
 G - 7 tomahawks of dispersal (quivered)
Armour
 e - a +0 pair of gloves (worn)
 j - a +2 cloak of magic resistance (worn)
 z - a +1 robe of fire resistance (worn)
Jewellery
 h - an uncursed ring of flight
 w - an uncursed ring of positive energy
 D - a ring of wizardry (left hand)
 Q - the ring "Hussa" (right hand) {SustAt Int+4}
   (You bought it in a shop on level 8 of the Dungeon)

   [ring of sustain attributes]

   It sustains your strength, intelligence and dexterity.
   It affects your intelligence (+4).
 R - an uncursed ring of protection from fire
Magical devices
 p - a wand of magic darts (11)
 C - a wand of draining (9)
 K - a wand of digging (9)
 L - a wand of magic darts (14)
Scrolls
 d - 3 scrolls of recharging
 i - 5 scrolls of remove curse
 l - 12 scrolls of identify
 q - 2 scrolls of magic mapping
 t - 4 scrolls of teleportation
 J - a scroll of acquirement {unknown}
 N - 2 scrolls of amnesia
 P - a scroll of enchant weapon
 Z - a scroll of fear
Potions
 s - 3 potions of agility
 H - 3 potions of curing
 M - a potion of cure mutation
Books
 b - a book of Flames

   Spells                             Type                      Level
   a - Flame Tongue                   Conjuration/Fire             1
   b - Throw Flame                    Conjuration/Fire             2
   c - Conjure Flame                  Conjuration/Fire             3
   d - Inner Flame                    Hexes/Fire                   3
   e - Sticky Flame                   Conjuration/Fire             4
   f - Fireball                       Conjuration/Fire             5
 g - a book of Beasts

   Spells                             Type                      Level
   a - Summon Butterflies             Summoning                    1
   b - Call Canine Familiar           Summoning                    3
   c - Summon Ice Beast               Ice/Summoning                4
   d - Summon Mana Viper              Hexes/Summoning              5
   e - Summon Hydra                   Summoning                    7
 m - a book of Envenomations

   Spells                             Type                      Level
   a - Spider Form                    Transmutation/Poison         3
   b - Alistair's Intoxication        Transmutation/Poison         4
   c - Olgreb's Toxic Radiance        Poison                       4
   d - Poisonous Cloud                Conjuration/Poison/Air       6
 u - a Young Poisoner's Handbook

   Spells                             Type                      Level
   a - Sting                          Conjuration/Poison           1
   b - Cure Poison                    Poison                       2
   c - Mephitic Cloud                 Conjuration/Poison/Air       3
   d - Olgreb's Toxic Radiance        Poison                       4
   e - Venom Bolt                     Conjuration/Poison           5
 y - a book of Dreams

   Spells                             Type                      Level
   a - Ensorcelled Hibernation        Hexes/Ice                    2
   b - Phase Shift                    Translocation                5
   c - Shadow Creatures               Summoning                    5
   d - Silence                        Hexes/Air                    5
   e - Darkness                       Hexes                        6
   f - Mass Confusion                 Hexes                        6
Miscellaneous
 T - a phial of floods
 U - a phantom mirror
Comestibles
 c - 9 bread rations
 r - 10 meat rations
 A - 4 beef jerkies
 F - 19 fruits


   Skills:
 + Level 3.0 Fighting
 + Level 1.0 Short Blades
 + Level 0.6 Maces & Flails
 + Level 0.1 Throwing
 + Level 6.7 Dodging
 + Level 5.4 Stealth
 + Level 9.3 Spellcasting
 + Level 8.7 Conjurations
 + Level 1.1 Summonings
 + Level 0.4 Translocations
 + Level 8.9 Fire Magic
 + Level 2.4 Ice Magic
 + Level 1.4 Air Magic
 + Level 1.3 Poison Magic


You had 2 spell levels left.
You knew the following spells:

 Your Spells              Type           Power        Failure   Level  Hunger
a - Flame Tongue          Conj/Fire      #####        1%          1    None
b - Conjure Flame         Conj/Fire      ######..     1%          3    None
c - Sticky Flame          Conj/Fire      ######..     1%          4    None
d - Shock                 Conj/Air       ####         1%          1    None
e - Fireball              Conj/Fire      ######....   1%          5    ####...
f - Freeze                Ice            ####         1%          1    None
g - Mephitic Cloud        Conj/Pois/Air  ####....     1%          3    None
h - Force Lance           Conj/Tloc      #####...     1%          4    None
i - Summon Ice Beast      Ice/Summ       ###.....     10%         4    None


Dungeon Overview and Level Annotations

Branches:
Dungeon (12/15)            Temple (0/1) D:5            Lair (0/8) D:8
    Orc (0/4) D:12

Altars:
Cheibriados
Dithmenos
Fedhas
Kikubaaqudgha
Nemelex Xobeh
Okawaru
Sif Muna
Trog
Vehumet
Xom
Yredelemnul
The Shining One

Shops:
D:8 =


Innate Abilities, Weirdness & Mutations

You cannot wear boots.
Your serpentine skin is tough (AC +3).
You have supernaturally acute eyesight.
Armour fits poorly on your strangely shaped body.
Your system is resistant to poisons.
You cover ground very slowly.
You have a slow metabolism.
You can spit poison.


Message History

Unknown command.
Read which item? (? for menu, Esc to quit)
As you read the scroll of teleportation, it crumbles to dust.
You feel strangely unstable.
The five-headed hydra burns!
The five-headed hydra bites you!
* * * LOW HITPOINT WARNING * * *
The five-headed hydra closely misses you.
The five-headed hydra bites you!
* * * LOW HITPOINT WARNING * * *
The five-headed hydra closely misses you.
The five-headed hydra misses you.
Drink which item? (? for menu, Esc to quit)
You feel much better.
The five-headed hydra burns!
The five-headed hydra misses you. The five-headed hydra bites you.
The five-headed hydra bites you!
* * * LOW HITPOINT WARNING * * *
The five-headed hydra bites you.
* * * LOW HITPOINT WARNING * * *
The five-headed hydra bites you!
You die...

##### #...# #...#
#########...# #.......#...#
#.......#)..#
#######.......'>@.# ##.
#.............###D####.....
#........###.#..#r†)D..#
#........###)#..#.##.).#
..####..........### .#.#
#)# #........### .. # #.#
#........# .. 8.. #)#
#........#.... ....
#.####..............o....


You could see a five-headed hydra (burning) and a quokka.

Vanquished Creatures
  Erolcha (D:9)
  A hill giant (D:10)
  Pikel (D:8)
  2 slime creatures (D:12)
  Maurice (D:8)
  Psyche (D:9)
  A gargoyle (D:12)
  A troll (D:8)
  2 two-headed ogres
  2 deep elf magi (D:12)
  Sigmund (D:4)
  A hippogriff (D:7)
  A hungry ghost (D:11)
  A basilisk (D:8)
  Menkaure (D:4)
  Edmund (D:6)
  A water moccasin (D:11)
  3 ice beasts
  A necrophage (D:12)
  4 black bears
  3 slaves (D:8)
  6 orc warriors
  7 centaurs
  4 phantoms
  3 sky beasts
  6 giant frogs
  Blork the orc (D:5)
  7 big kobolds
  5 ogres
  A crocodile (D:10)
  4 scorpions
  3 electric eels (D:6)
  2 giant frog zombies
  7 crimson imps
  2 giant frog skeletons
  6 orc priests
  8 orc wizards
  A quasit (D:6)
  2 jellies
  10 worker ants
  2 centaur skeletons
  6 hounds
  Natasha (D:4)
  4 gnolls
  14 adders
  5 shadow imps
  An ooze (D:3)
  2 adder skeletons
  5 worms
  5 giant geckos
  46 orcs
  6 bats
  6 giant cockroaches
  7 hobgoblins
  21 jackals
  2 ball pythons
  A giant gecko skeleton (D:6)
  5 giant newts
  9 goblins
  A jackal skeleton (D:6)
  55 kobolds
  A quokka skeleton (D:3)
  A quokka zombie (D:5)
  10 rats
332 creatures vanquished.

Vanquished Creatures (collateral kills)
  An orc wizard (D:10)
  A hound (D:10)
2 creatures vanquished.

Vanquished Creatures (others)
  A kobold (D:6)
1 creature vanquished.

Grand Total: 335 creatures vanquished

Notes
Turn   | Place    | Note
--------------------------------------------------------------
     0 | D:1      | Conn321 the Naga Fire Elementalist began the quest for the Orb.
     0 | D:1      | Reached XP level 1. HP: 15/15 MP: 3/3
   313 | D:1      | Reached XP level 2. HP: 22/22 MP: 3/5
   670 | D:1      | Reached XP level 3. HP: 28/28 MP: 4/6
   681 | D:1      | Learned a level 3 spell: Conjure Flame
   914 | D:2      | HP: 1/28 [jackal (1)]
  1237 | D:2      | Found a radiant altar of Vehumet.
  1247 | D:2      | Became a worshipper of Vehumet
  1463 | D:2      | Reached XP level 4. HP: 36/36 MP: 5/7
  2285 | D:2      | Found a basalt altar of Yredelemnul.
  2386 | D:3      | Found a bloodstained altar of Trog.
  2435 | D:3      | Found a snail-covered altar of Cheibriados.
  2507 | D:3      | Noticed a giant frog
  2512 | D:3      | Killed a giant frog
  2512 | D:3      | Reached skill level 4 in Fire Magic
  2512 | D:3      | Reached XP level 5. HP: 34/43 MP: 2/9
  2696 | D:3      | Reached XP level 6. HP: 50/50 MP: 4/10
  4076 | D:4      | Reached skill level 1 in Fighting
  4076 | D:4      | Reached XP level 7. HP: 22/57 MP: 7/12
  4438 | D:4      | Noticed Menkaure
  4445 | D:4      | Learned a level 4 spell: Sticky Flame
  4450 | D:4      | Killed Menkaure
  4450 | D:4      | Reached skill level 5 in Fire Magic
  4535 | D:4      | Found a sparkling altar of Nemelex Xobeh.
  4584 | D:4      | Acquired Vehumet's first power
  4584 | D:4      | Offered knowledge of Shock by Vehumet.
  4587 | D:4      | Learned a level 1 spell: Shock
  5199 | D:4      | Reached XP level 8. HP: 44/64 MP: 7/14
  5301 | D:4      | Noticed Sigmund
  5313 | D:4      | Killed Sigmund
  5392 | D:4      | Noticed Natasha
  5401 | D:4      | Killed Natasha
  5705 | D:4      | Found a bloodstained altar of Trog.
  5706 | D:4      | Found an iron altar of Okawaru.
  5880 | D:5      | Entered Level 5 of the Dungeon
  5884 | D:5      | Found a staircase to the Ecumenical Temple.
  6000 | D:5      | Learned a level 5 spell: Fireball
  6253 | D:5      | Noticed Blork the orc
  6260 | D:5      | Killed Blork the orc
  6260 | D:5      | Reached skill level 5 in Spellcasting
  6498 | D:5      | Reached skill level 5 in Conjurations
  6546 | D:5      | Found a deep blue altar of Sif Muna.
  7108 | D:5      | Reached skill level 6 in Fire Magic
  7292 | D:6      | Reached XP level 9. HP: 59/73 MP: 6/17
  7373 | D:6      | Noticed Edmund
  7386 | D:6      | Killed Edmund
  7394 | D:6      | Offered knowledge of Freeze by Vehumet.
  7409 | D:6      | Learned a level 1 spell: Freeze
  7413 | D:6      | Learned a level 3 spell: Mephitic Cloud
  7643 | D:6      | Offered knowledge of Static Discharge by Vehumet.
  7747 | D:6      | Acquired Vehumet's second power
  7863 | D:6      | Reached skill level 5 in Dodging
  8098 | D:6      | Reached skill level 5 in Stealth
  8114 | D:6      | Offered knowledge of Force Lance by Vehumet.
  8447 | D:6      | Found an ancient bone altar of Kikubaaqudgha.
  8455 | D:6      | Found a shadowy altar of Dithmenos.
  9206 | D:7      | Found a shimmering altar of Xom.
  9220 | D:7      | Reached skill level 1 in Ice Magic
  9282 | D:7      | Reached skill level 7 in Fire Magic
  9293 | D:7      | Reached XP level 10. HP: 72/81 MP: 13/20
  9315 | D:7      | Learned a level 4 spell: Force Lance
  9738 | D:8      | Acquired Vehumet's third power
  9744 | D:8      | Noticed Maurice
  9770 | D:8      | Killed Maurice
  9822 | D:8      | Found a staircase to the Lair.
  9871 | D:8      | Offered knowledge of Bolt of Magma by Vehumet.
 10533 | D:8      | Reached skill level 1 in Poison Magic
 10698 | D:8      | Noticed Pikel
 10717 | D:8      | Killed Pikel
 10806 | D:8      | Found Vookaol's Jewellery Emporium.
 10814 | D:8      | Bought the ring "Hussa" {SustAt Int+4} for 460 gold pieces
 10926 | D:9      | Reached skill level 8 in Fire Magic
 11044 | D:9      | Noticed Erolcha
 11057 | D:9      | Killed Erolcha
 11057 | D:9      | Reached skill level 1 in Air Magic
 11057 | D:9      | Reached XP level 11. HP: 88/88 MP: 11/23
 11068 | D:9      | Noticed Psyche
 11071 | D:9      | Killed Psyche
 11321 | D:9      | Got an ivory rapier
 11322 | D:9      | Identified the +6 rapier of Dissolution {freeze, Str-5 Int+5 Dex+6} (You took it off a kobold on level 9 of the Dungeon)
 11522 | D:9      | Found a blossoming altar of Fedhas.
 11651 | D:10     | Entered Level 10 of the Dungeon
 11679 | D:10     | Noticed a hill giant
 11700 | D:10     | Killed a hill giant
 12024 | D:10     | Learned a level 5 spell: Shadow Creatures
 12073 | D:10     | Learned a level 4 spell: Summon Ice Beast
 12337 | D:10     | Found a glowing golden altar of the Shining One.
 12501 | D:11     | Noticed a skeletal warrior
 12512 | D:11     | Noticed a skeletal warrior
 12675 | D:11     | Noticed a skeletal warrior
 12682 | D:11     | Noticed a skeletal warrior
 12682 | D:11     | Noticed a skeletal warrior
 12995 | D:11     | Noticed a four-headed hydra
 13158 | D:12     | Reached skill level 9 in Spellcasting
 13158 | D:12     | Reached skill level 1 in Summonings
 13286 | D:12     | Offered knowledge of Ozocubu's Refrigeration by Vehumet.
 13534 | D:12     | Found a staircase to the Orcish Mines.
 13565 | D:12     | Reached skill level 1 in Short Blades
 13567 | D:12     | Noticed a five-headed hydra
 13572 | D:12     | Slain by a five-headed hydra

Vault maps used:
D:1:      lightli_arrival_maybe_door_vault
D:2:      vehumet_crystals, lemuel_coloured_pillars_altar, first_bread
D:3:      cheibriados_altar_1, nicolae_overflow_hidden_temple, minivault_24,
          trog_three_pillars_becter
D:4:      grunt_temple_overflow_bloody_war, nemelex_diamond_rough_becter,
          uniq_menkaure, uniq_natasha, uniq_sigmund
D:5:      lemuel_doored_altar, minmay_temple_entry_overgrown, uniq_blork_the_orc
D:6:      minmay_goblin_kobold_castle, kennysheep_mini, grunt_dithmenos_shadows,
          uniq_edmund
D:7:      kennysheep_mini_moat
D:8:      minmay_curly_fans, lair_0_dummy, serial_shops, shop, uniq_pikel,
          uniq_maurice
D:9:      serial_curves, eino_curves_03, eino_curves_04, hangedman_tree_tricks,
          uniq_erolcha, uniq_psyche
D:10:     basic_altar
D:11:     minmay_ornate_pinched
D:12:     david_orc_2, basic_altar, kennysheep_windowed_goal

Action                   |  1- 3 |  4- 6 |  7- 9 | 10-12 || total
-------------------------+-------+-------+-------+-------++-------
Melee: Dagger            |    35 |    35 |    98 |       ||   168
       Flail             |       |       |    46 |    23 ||    69
       Rapier            |       |       |       |    18 ||    18
Throw: Tomahawk          |       |     2 |       |       ||     2
 Cast: Flame Tongue      |    48 |   110 |   271 |   324 ||   753
       Conjure Flame     |       |     1 |     1 |     3 ||     5
       Sticky Flame      |       |       |    10 |    17 ||    27
       Fireball          |       |       |     5 |     8 ||    13
       Freeze            |       |       |    16 |     6 ||    22
       Mephitic Cloud    |       |       |     3 |    14 ||    17
       Shock             |       |       |       |    15 ||    15
       Force Lance       |       |       |       |    14 ||    14
       Summon Ice Beast  |       |       |       |     7 ||     7
 Abil: Spit Poison       |    11 |    10 |    18 |     9 ||    48
Evoke: Wand              |       |       |       |     2 ||     2
  Use: Scroll            |     4 |       |    10 |     4 ||    18
       Potion            |     1 |       |     1 |    15 ||    17
 Stab: Sleeping          |     2 |     2 |     1 |     1 ||     6
       Distracted        |       |     1 |       |       ||     1
  Eat: Chunk             |     1 |     9 |    16 |    13 ||    39
       Beef jerky        |       |       |     1 |     2 ||     3
       Fruit             |       |       |     1 |       ||     1
